Connexion

Griffins vs Wild

Created - 19 décembre 2023 at 09:02

Goals
1 2 3 T
Griffins 2 0 1 3
Wild 2 0 2 4
Shots
1 2 3 T
Griffins 9 14 14 37
Wild 10 13 5 28

GoalsPenalties
1st period
1. Griffins , Aidan Dudas 8 (Marc McLaughlin 30, Parker Wotherspoon 29) at 6:30
2. Wild , Jalen Chatfield 9 (Anders Bjork 19, Joseph Gambardella 19) at 15:59 (PP)
3. Griffins , Alexander Volkov 11 (Jake Walman 20, Sasha Chmelevski 27) at 17:38
4. Wild , Anders Bjork 17 (Tanner Pearson 23) at 18:59
Jeremy Gregoire (IOW) for Fighting (Major) at 12:24
Shane Gersich (GRG) for Fighting (Major) at 12:24
Jake Walman (GRG) for Tripping (Minor) at 14:49
2nd period
No Goal
Jalen Chatfield (IOW) for Hooking (Minor) at 1:04
Eemeli Rasanen (IOW) for Roughing (Minor) at 8:04
3rd period
5. Griffins , Nick Merkley 17 (Tyler Benson 19, Gabriel Carlsson 12) at 6:10
6. Wild , Anthony Louis 19 (Taylor Raddysh 22, Danick Martel 11) at 14:28
7. Wild , Joseph Gambardella 22 (Jalen Chatfield 29, Maxime Lagace) at 15:52 (PP)
Danick Martel (IOW) for Holding (Minor) at 12:00
Jack Ahcan (GRG) for Tripping (Minor) at 15:25
Connor Hobbs (IOW) for Slashing (Double Minor) at 18:16
Goalie Stats
Justus Annunen (GRG), 24 saves from 28 shots - (0,857), L, 22-15-4, 59:14 minutes
Maxime Lagace (IOW), 34 saves from 37 shots - (0,919), W, 25-13-0, 60:00 minutes
3 StarsOfficial
1 - Joseph Gambardella (IOW)
2 - Anders Bjork (IOW)
3 - Jalen Chatfield (IOW)
Referees : Kelly Sutherland and Don Koharski
Linesman : Jonny Murray and Mike Cvik
Game Note
Shane Gersich beats up Jeremy Gregoire at 12:24 of 1st period
Finance
Level 1 -- Attendance: 1500 (75,00%) -- Ticket Income $60,000
Level 2 -- Attendance: 916 (91,60%) -- Ticket Income $18,320
Total Attendance: 2416 (80,53%)
Total Ticket Income: $78,320
Other Income: $15,664
Total Income: $93,984



Team Name Goals Shots Shots Attemp Shots Blocked PIM HIT PP PK FO%
Griffins 3376589310 / 5 (0%)245%
Wild 428601015242 / 2 (100%)055%

Griffins
Player Name POS G A P +/- PIM HIT SHT SB MP PP MP PP SHT PK MP PK SHT FO% FOT
Aidan DudasC/LW1010003013:110:0000:00063% 8
Alexander VolkovLW/RW1010037022:234:2410:000100% 1
Drew O'ConnorLW000000103:080:0000:000100% 1
Dylan CoghlanD0000001016:110:0000:5500% 0
Gabriel CarlssonD0111000320:134:2400:5500% 0
Ivan ChekhovichLW000000000:000:0000:0000% 0
Jack AhcanD0001201019:524:2410:3500% 0
Jack DuganLW0001052211:380:0000:0000% 0
Jacob LarssonD0000021124:313:1610:4200% 0
Jake WalmanD0110261123:553:1600:0700% 0
Jonathan DahlenLW000001000:170:0000:1700% 0
Marc McLaughlinC0111030024:443:1601:19028% 18
Nick MerkleyRW1011035023:073:1600:18050% 2
Parker WotherspoonD0110060115:160:0000:0000% 0
Pavel DorofeyevLW/RW0000002013:110:0000:00050% 2
Sasha ChmelevskiC/RW0110014022:414:2410:18051% 35
Shane GersichC/LW000-1514020:114:2410:00050% 2
Tyler BensonLW0111005023:513:1611:02035% 17
Wild
Player Name POS G A P +/- PIM HIT SHT SB MP PP MP PP SHT PK MP PK SHT FO% FOT
Anders BjorkLW/RW1120002220:130:4805:1800% 2
Anthony LouisC/LW1010002017:390:4900:000100% 1
Antti SuomelaC000000202:100:0000:00050% 2
Ben GleasonD000-2021019:490:4903:2700% 0
Ben ThomasD0001020014:100:0000:0000% 0
Connor HobbsD000-2401219:120:4902:5100% 0
Danick MartelC/LW0110214018:540:4901:16045% 20
Dillon SimpsonD0000021426:010:4804:1300% 0
Eemeli RasanenD0001230016:000:0001:5100% 0
Jalen ChatfieldD1120233124:450:4812:5800% 0
Jeremy GregoireC/LW/RW000-1531011:540:0000:00055% 11
Joseph GambardellaC/LW1120021017:130:4812:18061% 23
Kasper BjorkqvistLW/RW000-1013014:320:0001:0600% 1
Lukas JasekC/RW000000006:200:0000:00071% 7
Michael MerschLW/RW000-1032113:260:0000:00067% 3
Ryan KuffnerLW000000006:200:0000:0000% 0
Tanner PearsonLW0110023025:580:4805:22062% 13
Taylor RaddyshRW0110002017:390:4900:00033% 3



Play-by-Play

1st period


0:01 of 1st period - Joseph Gambardella wins face-off versus Marc McLaughlin in neutral zone.
0:42 of 1st period - Icing by Dillon Simpson.
0:43 of 1st period - Sasha Chmelevski wins face-off versus Joseph Gambardella in Wild zone.
1:16 of 1st period - Shot by Sasha Chmelevski.
1:16 of 1st period - Stopped by Maxime Lagace with a rebound.
1:56 of 1st period - Shot by Jeremy Gregoire.
1:56 of 1st period - Stopped by Justus Annunen with a rebound.
2:12 of 1st period - Shot by Pavel Dorofeyev.
2:12 of 1st period - Shot Misses the Net.
2:14 of 1st period - Shot by Pavel Dorofeyev.
2:14 of 1st period - Shot Misses the Net.
2:16 of 1st period - Shot by Dylan Coghlan.
2:16 of 1st period - Stopped by Maxime Lagace without a rebound.
2:17 of 1st period - Lukas Jasek wins face-off versus Tyler Benson in Wild zone.
2:28 of 1st period - Shot by Lukas Jasek.
2:28 of 1st period - Shot Misses the Net.
4:17 of 1st period - Icing by Ben Gleason.
4:18 of 1st period - Tyler Benson wins face-off versus Danick Martel in Wild zone.
5:27 of 1st period - Shot by Michael Mersch.
5:27 of 1st period - Stopped by Justus Annunen without a rebound.
5:28 of 1st period - Sasha Chmelevski wins face-off versus Joseph Gambardella in Griffins zone.
5:28 of 1st period - Sasha Chmelevski is hit by Joseph Gambardella.
5:52 of 1st period - Shot by Joseph Gambardella.
5:52 of 1st period - Shot Misses the Net.
5:54 of 1st period - Shot by Antti Suomela.
5:54 of 1st period - Stopped by Justus Annunen with a rebound.
5:56 of 1st period - Shot by Anders Bjork.
5:56 of 1st period - Shot Misses the Net.
6:00 of 1st period - Shot by Anders Bjork.
6:00 of 1st period - Shot Misses the Net.
6:02 of 1st period - Shot by Ben Thomas.
6:02 of 1st period - Shot Misses the Net.
6:26 of 1st period - Shot by Aidan Dudas.
6:26 of 1st period - Shot Misses the Net.
6:28 of 1st period - Shot by Marc McLaughlin.
6:28 of 1st period - Shot Misses the Net.
6:30 of 1st period - Shot by Marc McLaughlin.
6:30 of 1st period - Deflect By Aidan Dudas.
6:30 of 1st period - Goal by Aidan Dudas - Griffins : 1 - Wild : 0.
6:31 of 1st period - Anthony Louis wins face-off versus Aidan Dudas in neutral zone.
6:40 of 1st period - Pavel Dorofeyev is hit by Danick Martel and loses puck.
7:05 of 1st period - Shot by Danick Martel.
7:05 of 1st period - Stopped by Justus Annunen without a rebound.
7:06 of 1st period - Joseph Gambardella wins face-off versus Tyler Benson in Griffins zone.
7:31 of 1st period - Ben Gleason is hit by Nick Merkley.
9:29 of 1st period - Danick Martel is hit by Parker Wotherspoon.
9:41 of 1st period - Shot by Taylor Raddysh.
9:41 of 1st period - Shot Misses the Net.
9:43 of 1st period - Shot by Taylor Raddysh.
9:43 of 1st period - Shot Misses the Net.
10:10 of 1st period - Icing by Dylan Coghlan.
10:11 of 1st period - Pavel Dorofeyev wins face-off versus Michael Mersch in Griffins zone.
10:28 of 1st period - Shot by Kasper Bjorkqvist.
10:28 of 1st period - Stopped by Justus Annunen with a rebound.
10:33 of 1st period - Jack Dugan is hit by Jalen Chatfield and loses puck.
10:38 of 1st period - Shot by Jack Dugan.
10:38 of 1st period - Stopped by Maxime Lagace with a rebound.
10:40 of 1st period - Shot by Jake Walman.
10:40 of 1st period - Stopped by Maxime Lagace without a rebound.
10:41 of 1st period - Lukas Jasek wins face-off versus Tyler Benson in Wild zone.
10:53 of 1st period - Lukas Jasek is hit by Jake Walman and loses puck.
11:22 of 1st period - Eemeli Rasanen is hit by Jack Dugan.
11:32 of 1st period - Tanner Pearson is hit by Jack Dugan and loses puck.
11:51 of 1st period - Shot by Anthony Louis.
11:51 of 1st period - Stopped by Justus Annunen without a rebound.
11:52 of 1st period - Jeremy Gregoire wins face-off versus Pavel Dorofeyev in Griffins zone.
12:22 of 1st period - Icing by Jalen Chatfield.
12:23 of 1st period - Jeremy Gregoire wins face-off versus Sasha Chmelevski in Wild zone.
12:23 of 1st period - Jeremy Gregoire is hit by Alexander Volkov.
12:24 of 1st period - Shane Gersich beats up Jeremy Gregoire.
12:24 of 1st period - Penalty to Jeremy Gregoire for Fighting.
12:24 of 1st period - Penalty to Shane Gersich for Fighting.
12:25 of 1st period - Drew O'Connor wins face-off versus Danick Martel in Wild zone.
12:28 of 1st period - Shot by Sasha Chmelevski.
12:28 of 1st period - Shot Misses the Net.
12:50 of 1st period - Shot by Danick Martel.
12:50 of 1st period - Shot Misses the Net.
13:38 of 1st period - Shot by Marc McLaughlin.
13:38 of 1st period - Deflect By Aidan Dudas.
13:38 of 1st period - Shot Blocked by Dillon Simpson.
13:40 of 1st period - Shot by Marc McLaughlin.
13:40 of 1st period - Deflect By Pavel Dorofeyev.
13:40 of 1st period - Shot Misses the Net.
13:42 of 1st period - Shot by Pavel Dorofeyev.
13:42 of 1st period - Shot Misses the Net.
14:14 of 1st period - Off-side.
14:15 of 1st period - Tyler Benson wins face-off versus Kasper Bjorkqvist in neutral zone.
14:47 of 1st period - Antti Suomela is hit by Jake Walman and loses puck.
14:49 of 1st period - Minor Penalty to Jake Walman for Tripping.
14:50 of 1st period - Danick Martel wins face-off versus Marc McLaughlin in Griffins zone.
15:50 of 1st period - Joseph Gambardella is hit by Jonathan Dahlen and loses puck.
15:59 of 1st period - Shot by Jalen Chatfield.
15:59 of 1st period - Goal by Jalen Chatfield - Griffins : 1 - Wild : 1.
16:00 of 1st period - Antti Suomela wins face-off versus Sasha Chmelevski in neutral zone.
16:03 of 1st period - Sasha Chmelevski is hit by Michael Mersch and loses puck.
16:12 of 1st period - Shot by Antti Suomela.
16:12 of 1st period - Stopped by Justus Annunen with a rebound.
16:18 of 1st period - Shot by Kasper Bjorkqvist.
16:18 of 1st period - Shot Blocked by Gabriel Carlsson.
16:31 of 1st period - Icing by Ben Thomas.
16:32 of 1st period - Michael Mersch wins face-off versus Tyler Benson in Wild zone.
16:32 of 1st period - Michael Mersch is hit by Jack Dugan.
16:45 of 1st period - Icing by Ben Thomas.
16:46 of 1st period - Aidan Dudas wins face-off versus Antti Suomela in Wild zone.
16:46 of 1st period - Aidan Dudas is hit by Eemeli Rasanen.
16:50 of 1st period - Shot by Pavel Dorofeyev.
16:50 of 1st period - Stopped by Maxime Lagace with a rebound.
16:55 of 1st period - Off-side.
16:56 of 1st period - Alexander Volkov wins face-off versus Joseph Gambardella in neutral zone.
17:19 of 1st period - Shot by Joseph Gambardella.
17:19 of 1st period - Deflect By Anders Bjork.
17:19 of 1st period - Shot Misses the Net.
17:22 of 1st period - Icing by Alexander Volkov.
17:23 of 1st period - Danick Martel wins face-off versus Sasha Chmelevski in Griffins zone.
17:38 of 1st period - Shot by Alexander Volkov.
17:38 of 1st period - Goal by Alexander Volkov - Griffins : 2 - Wild : 1.
17:39 of 1st period - Joseph Gambardella wins face-off versus Marc McLaughlin in neutral zone.
17:52 of 1st period - Shot by Tanner Pearson.
17:52 of 1st period - Shot Blocked by Gabriel Carlsson.
17:54 of 1st period - Shot by Joseph Gambardella.
17:54 of 1st period - Shot Misses the Net.
17:56 of 1st period - Shot by Jalen Chatfield.
17:56 of 1st period - Stopped by Justus Annunen without a rebound.
17:57 of 1st period - Danick Martel wins face-off versus Aidan Dudas in Griffins zone.
17:57 of 1st period - Danick Martel is hit by Parker Wotherspoon.
18:25 of 1st period - Anthony Louis is hit by Marc McLaughlin.
18:34 of 1st period - Pavel Dorofeyev is hit by Ben Gleason and loses puck.
18:59 of 1st period - Shot by Anders Bjork.
18:59 of 1st period - Goal by Anders Bjork - Griffins : 2 - Wild : 2.
19:00 of 1st period - Sasha Chmelevski wins face-off versus Jeremy Gregoire in neutral zone.
19:02 of 1st period - Off-side.
19:03 of 1st period - Joseph Gambardella wins face-off versus Sasha Chmelevski in neutral zone.
19:07 of 1st period - Anders Bjork is hit by Jake Walman and loses puck.
19:36 of 1st period - Shot by Sasha Chmelevski.
19:36 of 1st period - Stopped by Maxime Lagace without a rebound.
19:37 of 1st period - Danick Martel wins face-off versus Tyler Benson in Wild zone.
19:37 of 1st period - Anthony Louis is hit by Jack Dugan and loses puck.
19:42 of 1st period - Shot by Nick Merkley.
19:42 of 1st period - Stopped by Maxime Lagace without a rebound.
19:43 of 1st period - Danick Martel wins face-off versus Marc McLaughlin in Wild zone.
Goals for this period are 2 for Griffins vs 2 for Wild.
Shots for this period are 9 for Griffins vs 10 for Wild.

2nd period


0:01 of 2nd period - Tanner Pearson wins face-off versus Marc McLaughlin in neutral zone.
0:10 of 2nd period - Tanner Pearson is hit by Marc McLaughlin and loses puck.
0:19 of 2nd period - Shot by Tyler Benson.
0:19 of 2nd period - Shot Misses the Net.
0:25 of 2nd period - Shot by Tyler Benson.
0:25 of 2nd period - Shot Misses the Net.
0:27 of 2nd period - Shot by Nick Merkley.
0:27 of 2nd period - Stopped by Maxime Lagace without a rebound.
0:28 of 2nd period - Danick Martel wins face-off versus Sasha Chmelevski in Wild zone.
0:28 of 2nd period - Taylor Raddysh is hit by Sasha Chmelevski and loses puck.
0:34 of 2nd period - Ben Gleason is hit by Shane Gersich and loses puck.
0:58 of 2nd period - Shot by Anthony Louis.
0:58 of 2nd period - Deflect By Taylor Raddysh.
0:58 of 2nd period - Stopped by Justus Annunen without a rebound.
0:59 of 2nd period - Nick Merkley wins face-off versus Joseph Gambardella in Griffins zone.
0:59 of 2nd period - Nick Merkley is hit by Tanner Pearson.
1:04 of 2nd period - Minor Penalty to Jalen Chatfield for Hooking.
1:05 of 2nd period - Tanner Pearson wins face-off versus Marc McLaughlin in Wild zone.
1:05 of 2nd period - Tanner Pearson is hit by Nick Merkley.
1:23 of 2nd period - Shot by Tyler Benson.
1:23 of 2nd period - Shot Blocked by Dillon Simpson.
1:25 of 2nd period - Shot by Jacob Larsson.
1:25 of 2nd period - Stopped by Maxime Lagace without a rebound.
1:26 of 2nd period - Sasha Chmelevski wins face-off versus Tanner Pearson in Wild zone.
1:36 of 2nd period - Icing by Alexander Volkov.
1:37 of 2nd period - Tanner Pearson wins face-off versus Sasha Chmelevski in Griffins zone.
1:49 of 2nd period - Shot by Alexander Volkov.
1:49 of 2nd period - Stopped by Maxime Lagace with a rebound.
1:58 of 2nd period - Icing by Alexander Volkov.
1:59 of 2nd period - Sasha Chmelevski wins face-off versus Tanner Pearson in Griffins zone.
2:04 of 2nd period - Shot by Jack Ahcan.
2:04 of 2nd period - Shot Blocked by Anders Bjork.
2:58 of 2nd period - Shot by Marc McLaughlin.
2:58 of 2nd period - Shot Blocked by Connor Hobbs.
3:10 of 2nd period - Shot by Pavel Dorofeyev.
3:10 of 2nd period - Stopped by Maxime Lagace without a rebound.
3:11 of 2nd period - Jeremy Gregoire wins face-off versus Aidan Dudas in Wild zone.
3:40 of 2nd period - Shot by Kasper Bjorkqvist.
3:40 of 2nd period - Stopped by Justus Annunen without a rebound.
3:41 of 2nd period - Danick Martel wins face-off versus Tyler Benson in Griffins zone.
4:02 of 2nd period - Shot by Tyler Benson.
4:02 of 2nd period - Shot Misses the Net.
4:05 of 2nd period - Icing by Connor Hobbs.
4:06 of 2nd period - Sasha Chmelevski wins face-off versus Danick Martel in Wild zone.
4:17 of 2nd period - Shot by Danick Martel.
4:17 of 2nd period - Stopped by Justus Annunen without a rebound.
4:18 of 2nd period - Joseph Gambardella wins face-off versus Nick Merkley in Griffins zone.
4:28 of 2nd period - Icing by Jacob Larsson.
4:29 of 2nd period - Jeremy Gregoire wins face-off versus Marc McLaughlin in Griffins zone.
4:29 of 2nd period - Jeremy Gregoire is hit by Jake Walman.
4:57 of 2nd period - Marc McLaughlin is hit by Dillon Simpson and loses puck.
5:06 of 2nd period - Shot by Kasper Bjorkqvist.
5:06 of 2nd period - Shot Blocked by Jacob Larsson.
5:08 of 2nd period - Shot by Michael Mersch.
5:08 of 2nd period - Stopped by Justus Annunen without a rebound.
5:09 of 2nd period - Joseph Gambardella wins face-off versus Sasha Chmelevski in Griffins zone.
5:16 of 2nd period - Shot by Tanner Pearson.
5:16 of 2nd period - Stopped by Justus Annunen with a rebound.
5:18 of 2nd period - Shot by Ben Gleason.
5:18 of 2nd period - Stopped by Justus Annunen without a rebound.
5:19 of 2nd period - Joseph Gambardella wins face-off versus Sasha Chmelevski in Griffins zone.
5:53 of 2nd period - Dylan Coghlan is hit by Joseph Gambardella and loses puck.
6:27 of 2nd period - Icing by Parker Wotherspoon.
6:28 of 2nd period - Sasha Chmelevski wins face-off versus Jeremy Gregoire in Griffins zone.
6:50 of 2nd period - Jacob Larsson is hit by Michael Mersch and loses puck.
7:07 of 2nd period - Shot by Kasper Bjorkqvist.
7:07 of 2nd period - Shot Blocked by Jake Walman.
7:19 of 2nd period - Shot by Nick Merkley.
7:19 of 2nd period - Shot Misses the Net.
7:51 of 2nd period - Shot by Pavel Dorofeyev.
7:51 of 2nd period - Deflect By Drew O'Connor.
7:51 of 2nd period - Stopped by Maxime Lagace without a rebound.
7:52 of 2nd period - Joseph Gambardella wins face-off versus Tyler Benson in Wild zone.
8:04 of 2nd period - Minor Penalty to Eemeli Rasanen for Roughing.
8:05 of 2nd period - Tanner Pearson wins face-off versus Sasha Chmelevski in Wild zone.
8:11 of 2nd period - Icing by Jake Walman.
8:12 of 2nd period - Tanner Pearson wins face-off versus Sasha Chmelevski in Griffins zone.
9:13 of 2nd period - Shot by Jack Ahcan.
9:13 of 2nd period - Stopped by Maxime Lagace without a rebound.
9:14 of 2nd period - Joseph Gambardella wins face-off versus Marc McLaughlin in Wild zone.
9:44 of 2nd period - Shot by Marc McLaughlin.
9:44 of 2nd period - Shot Misses the Net.
10:07 of 2nd period - Marc McLaughlin is hit by Ben Thomas and loses puck.
11:03 of 2nd period - Shot by Nick Merkley.
11:03 of 2nd period - Deflect By Jack Dugan.
11:03 of 2nd period - Stopped by Maxime Lagace with a rebound.
11:05 of 2nd period - Shot by Nick Merkley.
11:05 of 2nd period - Stopped by Maxime Lagace without a rebound.
11:06 of 2nd period - Sasha Chmelevski wins face-off versus Jeremy Gregoire in Wild zone.
11:12 of 2nd period - Icing by Ben Gleason.
11:13 of 2nd period - Jeremy Gregoire wins face-off versus Sasha Chmelevski in Wild zone.
11:13 of 2nd period - Jeremy Gregoire is hit by Alexander Volkov.
11:19 of 2nd period - Shot by Kasper Bjorkqvist.
11:19 of 2nd period - Shot Misses the Net.
11:21 of 2nd period - Shot by Connor Hobbs.
11:21 of 2nd period - Stopped by Justus Annunen without a rebound.
11:22 of 2nd period - Lukas Jasek wins face-off versus Sasha Chmelevski in Griffins zone.
11:23 of 2nd period - Shot by Tanner Pearson.
11:23 of 2nd period - Shot Misses the Net.
11:32 of 2nd period - Alexander Volkov is hit by Jalen Chatfield and loses puck.
12:03 of 2nd period - Shot by Shane Gersich.
12:03 of 2nd period - Shot Blocked by Jalen Chatfield.
12:10 of 2nd period - Icing by Dillon Simpson.
12:11 of 2nd period - Marc McLaughlin wins face-off versus Lukas Jasek in Wild zone.
12:12 of 2nd period - Shot by Tyler Benson.
12:12 of 2nd period - Stopped by Maxime Lagace without a rebound.
12:13 of 2nd period - Taylor Raddysh wins face-off versus Marc McLaughlin in Wild zone.
12:21 of 2nd period - Shot by Taylor Raddysh.
12:21 of 2nd period - Deflect By Anthony Louis.
12:21 of 2nd period - Shot Blocked by Gabriel Carlsson.
12:23 of 2nd period - Shot by Danick Martel.
12:23 of 2nd period - Stopped by Justus Annunen with a rebound.
12:25 of 2nd period - Shot by Taylor Raddysh.
12:25 of 2nd period - Stopped by Justus Annunen without a rebound.
12:26 of 2nd period - Tyler Benson wins face-off versus Jeremy Gregoire in Griffins zone.
12:44 of 2nd period - Parker Wotherspoon is hit by Jeremy Gregoire and loses puck.
13:00 of 2nd period - Shot by Tyler Benson.
13:00 of 2nd period - Stopped by Maxime Lagace without a rebound.
13:01 of 2nd period - Sasha Chmelevski wins face-off versus Joseph Gambardella in Wild zone.
13:13 of 2nd period - Shot by Anders Bjork.
13:13 of 2nd period - Shot Misses the Net.
13:15 of 2nd period - Shot by Tanner Pearson.
13:15 of 2nd period - Stopped by Justus Annunen with a rebound.
13:17 of 2nd period - Shot by Tanner Pearson.
13:17 of 2nd period - Stopped by Justus Annunen with a rebound.
13:19 of 2nd period - Shot by Jalen Chatfield.
13:19 of 2nd period - Stopped by Justus Annunen without a rebound.
13:20 of 2nd period - Aidan Dudas wins face-off versus Danick Martel in Griffins zone.
13:45 of 2nd period - Shot by Danick Martel.
13:45 of 2nd period - Stopped by Justus Annunen without a rebound.
13:46 of 2nd period - Sasha Chmelevski wins face-off versus Joseph Gambardella in Griffins zone.
14:17 of 2nd period - Shot by Alexander Volkov.
14:17 of 2nd period - Stopped by Maxime Lagace without a rebound.
14:18 of 2nd period - Marc McLaughlin wins face-off versus Danick Martel in Wild zone.
14:27 of 2nd period - Shot by Nick Merkley.
14:27 of 2nd period - Deflect By Marc McLaughlin.
14:27 of 2nd period - Shot Blocked by Connor Hobbs.
14:31 of 2nd period - Shot by Nick Merkley.
14:31 of 2nd period - Stopped by Maxime Lagace without a rebound.
14:32 of 2nd period - Michael Mersch wins face-off versus Tyler Benson in Wild zone.
14:42 of 2nd period - Tyler Benson is hit by Jeremy Gregoire and loses puck.
16:32 of 2nd period - Shot by Sasha Chmelevski.
16:32 of 2nd period - Shot Misses the Net.
16:48 of 2nd period - Icing by Alexander Volkov.
16:49 of 2nd period - Sasha Chmelevski wins face-off versus Danick Martel in Griffins zone.
17:14 of 2nd period - Shot by Anthony Louis.
17:14 of 2nd period - Shot Blocked by Jack Dugan.
17:16 of 2nd period - Shot by Danick Martel.
17:16 of 2nd period - Shot Misses the Net.
17:18 of 2nd period - Shot by Connor Hobbs.
17:18 of 2nd period - Shot Blocked by Parker Wotherspoon.
17:28 of 2nd period - Shot by Danick Martel.
17:28 of 2nd period - Shot Misses the Net.
17:30 of 2nd period - Shot by Taylor Raddysh.
17:30 of 2nd period - Shot Misses the Net.
17:42 of 2nd period - Tanner Pearson is hit by Jack Dugan and loses puck.
17:52 of 2nd period - Eemeli Rasanen is hit by Parker Wotherspoon and loses puck.
17:57 of 2nd period - Shot by Tanner Pearson.
17:57 of 2nd period - Shot Blocked by Jack Dugan.
18:45 of 2nd period - Shot by Jeremy Gregoire.
18:45 of 2nd period - Shot Misses the Net.
19:22 of 2nd period - Michael Mersch is hit by Alexander Volkov.
19:26 of 2nd period - Sasha Chmelevski is hit by Kasper Bjorkqvist and loses puck.
19:48 of 2nd period - Shot by Shane Gersich.
19:48 of 2nd period - Stopped by Maxime Lagace without a rebound.
19:49 of 2nd period - Sasha Chmelevski wins face-off versus Joseph Gambardella in Wild zone.
19:50 of 2nd period - Shot by Alexander Volkov.
19:50 of 2nd period - Stopped by Maxime Lagace without a rebound.
19:51 of 2nd period - Aidan Dudas wins face-off versus Danick Martel in Wild zone.
19:55 of 2nd period - Pavel Dorofeyev is hit by Ben Gleason and loses puck.
Goals for this period are 0 for Griffins vs 0 for Wild.
Shots for this period are 14 for Griffins vs 13 for Wild.

3rd period


0:01 of 3rd period - Marc McLaughlin wins face-off versus Anders Bjork in neutral zone.
0:21 of 3rd period - Shot by Marc McLaughlin.
0:21 of 3rd period - Shot Misses the Net.
1:03 of 3rd period - Shot by Alexander Volkov.
1:03 of 3rd period - Shot Blocked by Anders Bjork.
1:05 of 3rd period - Shot by Alexander Volkov.
1:05 of 3rd period - Stopped by Maxime Lagace with a rebound.
1:07 of 3rd period - Shot by Sasha Chmelevski.
1:07 of 3rd period - Stopped by Maxime Lagace without a rebound.
1:08 of 3rd period - Aidan Dudas wins face-off versus Danick Martel in Wild zone.
1:15 of 3rd period - Shot by Aidan Dudas.
1:15 of 3rd period - Stopped by Maxime Lagace with a rebound.
1:50 of 3rd period - Anthony Louis is hit by Parker Wotherspoon and loses puck.
2:10 of 3rd period - Icing by Ben Gleason.
2:11 of 3rd period - Danick Martel wins face-off versus Sasha Chmelevski in Wild zone.
3:23 of 3rd period - Icing by Gabriel Carlsson.
3:24 of 3rd period - Joseph Gambardella wins face-off versus Tyler Benson in Griffins zone.
4:04 of 3rd period - Icing by Jack Ahcan.
4:05 of 3rd period - Tyler Benson wins face-off versus Taylor Raddysh in Griffins zone.
4:23 of 3rd period - Connor Hobbs is hit by Parker Wotherspoon and loses puck.
4:38 of 3rd period - Shot by Danick Martel.
4:38 of 3rd period - Deflect By Taylor Raddysh.
4:38 of 3rd period - Shot Misses the Net.
4:40 of 3rd period - Shot by Danick Martel.
4:40 of 3rd period - Shot Misses the Net.
4:42 of 3rd period - Shot by Danick Martel.
4:42 of 3rd period - Shot Misses the Net.
4:51 of 3rd period - Parker Wotherspoon is hit by Michael Mersch and loses puck.
4:55 of 3rd period - Aidan Dudas is hit by Eemeli Rasanen and loses puck.
5:10 of 3rd period - Shot by Michael Mersch.
5:10 of 3rd period - Shot Misses the Net.
5:19 of 3rd period - Michael Mersch is hit by Jake Walman and loses puck.
5:23 of 3rd period - Kasper Bjorkqvist is hit by Jacob Larsson and loses puck.
5:38 of 3rd period - Shot by Alexander Volkov.
5:38 of 3rd period - Stopped by Maxime Lagace without a rebound.
5:39 of 3rd period - Tyler Benson wins face-off versus Joseph Gambardella in Wild zone.
5:43 of 3rd period - Icing by Dillon Simpson.
5:44 of 3rd period - Tyler Benson wins face-off versus Tanner Pearson in Wild zone.
5:44 of 3rd period - Tyler Benson is hit by Dillon Simpson.
6:08 of 3rd period - Shot by Tyler Benson.
6:08 of 3rd period - Stopped by Maxime Lagace with a rebound.
6:10 of 3rd period - Shot by Nick Merkley.
6:10 of 3rd period - Goal by Nick Merkley - Griffins : 3 - Wild : 2.
6:11 of 3rd period - Sasha Chmelevski wins face-off versus Taylor Raddysh in neutral zone.
6:36 of 3rd period - Off-side.
6:37 of 3rd period - Joseph Gambardella wins face-off versus Marc McLaughlin in neutral zone.
6:46 of 3rd period - Tanner Pearson is hit by Marc McLaughlin and loses puck.
7:11 of 3rd period - Shot by Tyler Benson.
7:11 of 3rd period - Stopped by Maxime Lagace without a rebound.
7:12 of 3rd period - Sasha Chmelevski wins face-off versus Danick Martel in Wild zone.
7:43 of 3rd period - Shot by Shane Gersich.
7:43 of 3rd period - Stopped by Maxime Lagace without a rebound.
7:44 of 3rd period - Marc McLaughlin wins face-off versus Lukas Jasek in Wild zone.
7:55 of 3rd period - Ryan Kuffner is hit by Nick Merkley and loses puck.
8:31 of 3rd period - Icing by Dillon Simpson.
8:32 of 3rd period - Lukas Jasek wins face-off versus Sasha Chmelevski in Wild zone.
8:49 of 3rd period - Jalen Chatfield is hit by Jacob Larsson.
9:53 of 3rd period - Shot by Marc McLaughlin.
9:53 of 3rd period - Deflect By Aidan Dudas.
9:53 of 3rd period - Stopped by Maxime Lagace without a rebound.
9:54 of 3rd period - Jeremy Gregoire wins face-off versus Tyler Benson in Wild zone.
10:10 of 3rd period - Jack Ahcan is hit by Ben Thomas and loses puck.
10:17 of 3rd period - Shot by Tyler Benson.
10:17 of 3rd period - Shot Blocked by Michael Mersch.
10:51 of 3rd period - Aidan Dudas is hit by Jeremy Gregoire and loses puck.
11:17 of 3rd period - Joseph Gambardella is hit by Parker Wotherspoon and loses puck.
11:20 of 3rd period - Shot by Dillon Simpson.
11:20 of 3rd period - Stopped by Justus Annunen with a rebound.
11:39 of 3rd period - Off-side.
11:40 of 3rd period - Danick Martel wins face-off versus Sasha Chmelevski in neutral zone.
11:46 of 3rd period - Anthony Louis is hit by Jake Walman and loses puck.
12:00 of 3rd period - Minor Penalty to Danick Martel for Holding.
12:01 of 3rd period - Tanner Pearson wins face-off versus Marc McLaughlin in Wild zone.
12:22 of 3rd period - Shot by Nick Merkley.
12:22 of 3rd period - Shot Misses the Net.
12:24 of 3rd period - Shot by Tyler Benson.
12:24 of 3rd period - Stopped by Maxime Lagace without a rebound.
12:25 of 3rd period - Sasha Chmelevski wins face-off versus Tanner Pearson in Wild zone.
12:50 of 3rd period - Shot by Shane Gersich.
12:50 of 3rd period - Shot Misses the Net.
13:32 of 3rd period - Shot by Marc McLaughlin.
13:32 of 3rd period - Shot Misses the Net.
14:28 of 3rd period - Shot by Taylor Raddysh.
14:28 of 3rd period - Deflect By Anthony Louis.
14:28 of 3rd period - Goal by Anthony Louis - Griffins : 3 - Wild : 3.
14:29 of 3rd period - Lukas Jasek wins face-off versus Tyler Benson in neutral zone.
15:09 of 3rd period - Shot by Shane Gersich.
15:09 of 3rd period - Stopped by Maxime Lagace without a rebound.
15:10 of 3rd period - Sasha Chmelevski wins face-off versus Danick Martel in Wild zone.
15:10 of 3rd period - Sasha Chmelevski is hit by Eemeli Rasanen.
15:24 of 3rd period - Shot by Taylor Raddysh.
15:24 of 3rd period - Shot Misses the Net.
15:25 of 3rd period - Minor Penalty to Jack Ahcan for Tripping.
15:26 of 3rd period - Joseph Gambardella wins face-off versus Marc McLaughlin in Griffins zone.
15:29 of 3rd period - Shot by Anders Bjork.
15:29 of 3rd period - Shot Misses the Net.
15:31 of 3rd period - Shot by Joseph Gambardella.
15:31 of 3rd period - Shot Misses the Net.
15:52 of 3rd period - Shot by Joseph Gambardella.
15:52 of 3rd period - Goal by Joseph Gambardella - Griffins : 3 - Wild : 4.
15:53 of 3rd period - Shane Gersich wins face-off versus Danick Martel in neutral zone.
16:16 of 3rd period - Shot by Sasha Chmelevski.
16:16 of 3rd period - Shot Misses the Net.
16:18 of 3rd period - Shot by Alexander Volkov.
16:18 of 3rd period - Stopped by Maxime Lagace without a rebound.
16:19 of 3rd period - Aidan Dudas wins face-off versus Jeremy Gregoire in Wild zone.
16:41 of 3rd period - Shot by Kasper Bjorkqvist.
16:41 of 3rd period - Stopped by Justus Annunen without a rebound.
16:42 of 3rd period - Sasha Chmelevski wins face-off versus Anders Bjork in Griffins zone.
16:47 of 3rd period - Icing by Jack Ahcan.
16:48 of 3rd period - Joseph Gambardella wins face-off versus Shane Gersich in Griffins zone.
16:51 of 3rd period - Shot by Anders Bjork.
16:51 of 3rd period - Stopped by Justus Annunen without a rebound.
16:52 of 3rd period - Marc McLaughlin wins face-off versus Joseph Gambardella in Griffins zone.
16:52 of 3rd period - Jacob Larsson is hit by Tanner Pearson and loses puck.
17:22 of 3rd period - Tyler Benson is hit by Jalen Chatfield and loses puck.
18:16 of 3rd period - Double Minor Penalty to Connor Hobbs for Slashing.
18:17 of 3rd period - Sasha Chmelevski wins face-off versus Tanner Pearson in Wild zone.
18:38 of 3rd period - Shot by Alexander Volkov.
18:38 of 3rd period - Deflect By Sasha Chmelevski.
18:38 of 3rd period - Stopped by Maxime Lagace without a rebound.
18:39 of 3rd period - Tanner Pearson wins face-off versus Sasha Chmelevski in Wild zone.
18:48 of 3rd period - Shot by Jack Ahcan.
18:48 of 3rd period - Shot Blocked by Dillon Simpson.
18:54 of 3rd period - Shot by Shane Gersich.
18:54 of 3rd period - Stopped by Maxime Lagace without a rebound.
18:55 of 3rd period - Tanner Pearson wins face-off versus Sasha Chmelevski in Wild zone.
19:14 of 3rd period - Griffins, Justus Annunen is pulled from the net.
19:18 of 3rd period - Shot by Gabriel Carlsson.
19:18 of 3rd period - Shot Blocked by Dillon Simpson.
19:54 of 3rd period - Off-side.
19:55 of 3rd period - Joseph Gambardella wins face-off versus Marc McLaughlin in neutral zone.
Goals for this period are 1 for Griffins vs 2 for Wild.
Shots for this period are 14 for Griffins vs 5 for Wild.